 Dungeon Crawl Stone Soup version 0.23.0 (webtiles) character file.

Game seed: 3507776278633972519

201 Oravi the Grave Robber (level 5, 0/42 HPs)
             Began as a Ghoul Necromancer on Feb 11, 2019.
             Slain by a wraith (3 damage)
             ... in an ossuary.
             The game lasted 00:18:17 (4760 turns).

Oravi the Grave Robber (Ghoul Necromancer)          Turns: 4760, Time: 00:18:18

Health: 0/42       AC:  7    Str: 12    XL:     5   Next: 79%
Magic:  6/6        EV: 10    Int: 11    God:
Gold:   186        SH:  0    Dex:  9    Spells: 5/7 levels left

rFire    . . .     SeeInvis .     - Unarmed
rCold    + . .     Gourm    .   (no shield)
rNeg     + + +     Faith    .   f - +0 ring mail
rPois    ∞         Spirit   .   y - +1 helmet
rElec    .         Reflect  .   u - scarf {repulsion}
rCorr    +         Harm     .   (no gloves)
MR       .....                  (no boots)
Stlth    +.........             (no amulet)
HPRegen  0.00/turn              h - ring of resist corrosion
MPRegen  0.10/turn              (no ring)

@: rotting, slowed, repel missiles, very slow
A: rotting body, claws 1, carnivore, cold resistance 1, negative energy
resistance 3, inhibited regeneration, torment resistance, unbreathing
a: no special abilities


You were in an ossuary.
You were not hungry.

You visited 1 branch of the dungeon, and saw 4 of its levels.
You also visited: Ossuary.

You collected 186 gold pieces.

Inventory:

Hand Weapons
 b - a +0 dagger of electrocution
Missiles
 n - 58 stones (quivered)
 o - 27 sling bullets
 r - 5 needles of confusion
 w - 7 tomahawks
Armour
 a - a +0 robe
 f - a +0 ring mail (worn)
 p - a +0 helmet
 q - a +0 chain mail
 u - a scarf of repulsion (worn)
 y - a +1 helmet (worn)
Jewellery
 h - a ring of resist corrosion (left claw)
Scrolls
 d - 3 scrolls of identify {unknown}
 e - a scroll of remove curse {unknown}
 g - a scroll of immolation {unknown}
 i - a scroll of fog {unknown}
 j - a scroll of torment {unknown}
 m - 3 scrolls of random uselessness {unknown}
 s - 4 scrolls of teleportation {unknown}
 t - a scroll of enchant weapon {unknown}
Potions
 x - a potion of cancellation
Comestibles
 c - 6 rations


   Skills:
 + Level 2.7 Fighting
 - Level 1.7 Dodging
 - Level 2.1 Stealth
 * Level 4.1 Unarmed Combat
 - Level 1.7 Spellcasting
 + Level 4.7 Necromancy


You had 5 spell levels left.
You knew the following spells:

 Your Spells              Type           Power        Failure   Level  Hunger
a - Pain                  Necr           ##..         10%         1    ##.....
b - Animate Skeleton      Necr           N/A          10%         1    ##.....

Your spell library contained the following spells:

 Spells                   Type           Power        Failure   Level  Hunger
 Vampiric Draining        Necr           ##........   30%         3    ####...
 Regeneration             Chrm/Necr      #.........   61%         3    ####...
 Animate Dead             Necr           N/A          69%         4    #####..


Dungeon Overview and Level Annotations

Branches:
Dungeon (4/15)
 Temple: D:4-7

Altars:
Qazlal

Shops:
D:4 *

Annotations:
D:2 Sigmund


Innate Abilities, Weirdness & Mutations

Your body is rotting away.
You thrive on raw meat.
You are immune to poison.
You have sharp fingernails.
You are carnivorous and can eat meat at any time.
Your flesh is cold resistant. (rC+)
You are immune to negative energy. (rN+++)
You do not regenerate when monsters are visible.
You are immune to unholy pain and torment.
You can survive without breathing.


Message History

The wraith is severely damaged.
The wraith hits you.
* * * LOW HITPOINT WARNING * * *
The wraith closely misses you.
You claw the wraith!
The wraith is almost destroyed.
The wraith hits you but does no damage.
You scratch the wraith but do no damage.
The wraith is almost destroyed.
The wraith hits you!
* * * LOW HITPOINT WARNING * * *
The wraith drains your vigour!
You feel as though you will be slow longer.
The wraith hits you.
* * * LOW HITPOINT WARNING * * *
Okay, then.
You closely miss the wraith.
The wraith is almost destroyed.
The wraith hits you.
You die...

#..................
#.∩................
#.......#####+#####
#......##.. #
#.....## ..#####
#....##...##...#
#....#...##...!.
#....'...'..!?.. .
#.@W.#...##..!W. #.
#....##...##...##..
#.....##...#####...
#......##.........#
#.......#####+#####
#.∩................
#..................
############'''####
####...#


You could see a wraith.

Vanquished Creatures
  An orc priest (D:4)
  A mummy (Ossuary)
  3 adders
  An ooze (D:3)
  3 worms
  3 dart slugs (D:1)
  4 leopard geckos
  3 orcs
  4 bats
  4 giant cockroaches
  8 goblins
  4 hobgoblins
  5 jackals
  4 kobolds
  3 quokkas
  6 frilled lizards
  6 gnoll skeletons (Ossuary)
  6 kobold skeletons (Ossuary)
  A leopard gecko skeleton (D:4)
  13 orc skeletons (Ossuary)
  10 rats
93 creatures vanquished.

Vanquished Creatures (collateral kills)
  A worker ant (D:4)
1 creature vanquished.

Grand Total: 94 creatures vanquished

Notes
Turn   | Place    | Note
-------+----------+-------------------------------------------
     0 | D:1      | Oravi the Ghoul Necromancer began the quest for the Orb.
     0 | D:1      | Reached XP level 1. HP: 14/14 MP: 2/2
    69 | D:1      | Reached skill level 1 in Unarmed Combat
   104 | D:1      | Reached XP level 2. HP: 19/22 MP: 0/3
   122 | D:1      | Learned a level 1 spell: Animate Skeleton
   164 | D:1      | Reached skill level 1 in Fighting
   662 | D:1      | Reached XP level 3. HP: 27/28 MP: 1/4
  1189 | D:2      | Noticed Sigmund
  1585 | D:2      | Found a stormy altar of Qazlal.
  2415 | D:3      | Reached XP level 4. HP: 36/36 MP: 2/5
  3668 | D:4      | Reached XP level 5. HP: 31/42 MP: 0/6
  3988 | D:4      | Noticed an ogre
  4062 | D:4      | Found Riemusytuli's General Store.
  4293 | D:4      | Found a sand-covered staircase.
  4320 | Ossuary  | Entered an ossuary
  4320 | Ossuary  | Noticed a wraith
  4320 | Ossuary  | Noticed a wraith
  4320 | Ossuary  | Noticed a wraith
  4624 | Ossuary  | Noticed a wraith
  4760 | Ossuary  | Slain by a wraith

Skill      XL: |  1  2  3  4  5 |
---------------+----------------+-----
Unarmed Combat | 1 2 3 4 |  4.1
Fighting       | 1 2 |  2.7
Dodging        | |  1.7
Stealth        | |  2.1
Spellcasting   | |  1.7
Necromancy     | |  4.7

Action                   |  1- 3 |  4- 6 || total
-------------------------+-------+-------++-------
Melee: Unarmed           |    44 |   188 ||   232
       Dagger            |    36 |    11 ||    47
       Punch             |       |     2 ||     2
Throw: Stone             |       |     6 ||     6
 Cast: Pain              |    64 |    52 ||   116
       Animate Skeleton  |     4 |     2 ||     6
  Use: Potion            |     1 |     4 ||     5
  Eat: Chunk             |     9 |     8 ||    17
Armor: Ring mail         |    47 |    65 ||   112
Dodge: Dodged            |    66 |    95 ||   161
